 Dungeon Crawl Stone Soup version 0.21-a0-630-g344d351 (webtiles) character file.

116579 Gaball the Impaler (level 16, -11/144 HPs)
             Began as a Merfolk Gladiator on Dec 25, 2017.
             Was the Champion of the Shining One.
             Mangled by a salamander
             ... wielding a +0 trident
              (16 damage)
             ... on level 4 of the Snake Pit.
             The game lasted 01:20:46 (23882 turns).

Gaball the Impaler (Merfolk Gladiator)             Turns: 23882, Time: 01:20:46

Health: -11/144    AC: 19    Str: 19    XL:     16   Next: 71%
Magic:  26/26      EV: 27    Int: 12    God:    the Shining One [******]
Gold:   1000       SH:  0    Dex: 27    Spells: 24/28 levels left

rFire    . . .     SeeInvis +   c - +1 glaive of Extinguishment {chop, rN+ Int+4 SInv}
rCold    . . .     Gourm    .   (shield currently unavailable)
rNeg     + + +     Faith    .   V - +6 chain mail of Elitism {Dex+3 SInv}
rPois    .         Spirit   .   H - +0 helmet "Cuhiroeph" {Regen+}
rElec    .         Reflect  .   o - scarf {repulsion}
rCorr    .         Harm     +   s - +0 pair of gloves
MR       +....                  u - +0 pair of boots
Stlth    ..........             A - amulet of harm
HPRegen  0.74/turn              T - +4 ring of slaying
MPRegen  0.20/turn              i - +2 ring of dexterity

@: agile, lethally poisoned (-11 -> -12), glowing, repel missiles
A: change form in water, swift swim, stealthy swim
a: Divine Shield, Cleansing Flame, Summon Divine Warrior, Brand Weapon With Holy
Wrath, Renounce Religion


You were on level 4 of the Snake Pit.
You worshipped the Shining One.
The Shining One was exalted by your worship.
You were not hungry.

You visited 5 branches of the dungeon, and saw 27 of its levels.
You also visited: Sewer.

You collected 2489 gold pieces.
You spent 1489 gold pieces at shops.

Inventory:

Hand Weapons
 c - the +1 glaive of Extinguishment (weapon) {chop, rN+ Int+4 SInv}
   (You bought it in a shop on level 2 of the Orcish Mines)

   It inflicts extra damage upon your enemies.
   It affects your intelligence (+4).
   It protects you from negative energy.
   It lets you see invisible.
 P - a +4 glaive
Missiles
 d - 2 throwing nets (quivered)
Armour
 o - a scarf of repulsion (worn)
 s - a +0 pair of gloves (worn)
 u - a +0 pair of boots (worn)
 H - the +0 helmet "Cuhiroeph" (worn) {Regen+}
   (You bought it in a shop on level 2 of the Orcish Mines)

   It increases your rate of regeneration.
 V - the +6 chain mail of Elitism (worn) {Dex+3 SInv}
   (You bought it in a shop on level 2 of the Orcish Mines)

   It affects your dexterity (+3).
   It lets you see invisible.
 W - +0 pearl dragon scales
Jewellery
 a - an uncursed ring of flight
 h - an uncursed ring of see invisible
 i - a +2 ring of dexterity (right hand)
 y - an uncursed ring of wizardry {unknown}
 z - a +2 amulet of reflection
 A - an amulet of harm (around neck)
 I - an uncursed ring of protection from fire
 R - an uncursed amulet of regeneration
 S - an uncursed ring of protection from magic
 T - a +4 ring of slaying (left hand)
Scrolls
 b - a scroll of summoning
 e - 8 scrolls of teleportation
 g - 9 scrolls of remove curse
 j - 4 scrolls of amnesia
 m - 5 scrolls of fog
 n - 4 scrolls of magic mapping
 q - 4 scrolls of immolation
 r - 6 scrolls of enchant armour
 w - 4 scrolls of blinking
 B - 3 scrolls of vulnerability
 C - 2 scrolls of enchant weapon {unknown}
 D - a scroll of holy word {unknown}
 E - a scroll of acquirement {unknown}
 J - a scroll of random uselessness {unknown}
 M - a scroll of torment {unknown}
 N - 2 scrolls of fear
 Q - a scroll of brand weapon {unknown}
 X - 4 scrolls of silence
Potions
 k - 5 potions of curing
 l - 5 potions of agility
 p - 2 potions of ambrosia
 t - a potion of resistance {unknown}
 v - 2 potions of brilliance
 x - 2 potions of mutation
 F - 2 potions of flight {unknown}
 G - 2 potions of lignification
 K - 2 potions of heal wounds
 L - a potion of cancellation {unknown}
 U - a potion of might
 Z - 2 potions of haste {unknown}
Books
 Y - a book of Battle

   Spells                             Type                      Level
   a - Infusion                       Charms                       1
   b - Shroud of Golubria             Charms/Translocation         2
   c - Song of Slaying                Charms                       2
   d - Spectral Weapon                Hexes/Charms                 3
   e - Regeneration                   Charms/Necromancy            3
Comestibles
 f - 31 rations


   Skills:
 - Level 18.3 Fighting
 - Level 20.0 Polearms
 - Level 2.0 Throwing
 + Level 5.7 Armour
 + Level 17.5 Dodging
 - Level 6.8 Spellcasting
 - Level 4.9 Charms
 + Level 3.3 Invocations


You had 24 spell levels left.
You knew the following spells:

 Your Spells              Type           Power        Failure   Level  Hunger
a - Dazzling Spray        Conj/Hex       #.....       99%         3    ###....
b - Infusion              Chrm           ###.         22%         1    None


Dungeon Overview and Level Annotations

Branches:
Dungeon (14/15)            Temple (1/1) D:7            Lair (6/6) D:11
  Swamp (0/4) Lair:2        Snake (4/4) Lair:2        Slime (0/5) Lair:5
    Orc (2/2) D:12            Elf (0/3) Orc:2        Vaults (0/5) D:14

Altars:
Cheibriados
Dithmenos
Elyvilon
Fedhas
Gozag
Hepliaklqana
Kikubaaqudgha
Nemelex Xobeh
Qazlal
Ru
Sif Muna
Vehumet
Yredelemnul
The Shining One
Beogh
Jiyva

Shops:
D:5 [:}   D:9 !   D:11 }   Orc:1 ?   Orc:2 ([=*

Annotations:
D:14 Urug
Lair:2 1 exclusion


Message History

* * * LOW HITPOINT WARNING * * *
You are engulfed in flames!
* * * LOW HITPOINT WARNING * * *
You feel less wooden.
Your scarf of repulsion unmelds from your body.
The +0 helmet "Cuhiroeph" {Regen+} unmelds from your body.
Your +0 pair of gloves unmelds from your body.
Your +0 pair of boots unmelds from your body.
The +6 chain mail of Elitism {Dex+3 SInv} unmelds from your body.
You are surrounded by a repulsion field.
You feel sick.
The salamander hits you from afar with a trident of venom.
* * * LOW HITPOINT WARNING * * *
You are engulfed in flames!
* * * LOW HITPOINT WARNING * * *
You are more poisoned.
The salamander hits you from afar with a trident!
* * * LOW HITPOINT WARNING * * *
You are engulfed in flames!
You die...

.. ## . ..
.## #.#.#
..## ...#
#...#
...##.$..##
#...N....
#).)N#
#@).# ##.##
.# .# .# .#
.% ..


You could see 2 salamanders.

Vanquished Creatures
  Rupert (Orc:2)
  Gastronok (D:9)
  2 nagarajas
  A hydra (Lair:6)
  Erolcha (Orc:2)
  A catoblepas (Lair:3)
  4 naga warriors
  Fannar (Lair:2)
  9 anacondas
  9 death yaks
  5 two-headed ogres
  7 naga sharpshooters
  6 shock serpents
  4 salamander mystics
  5 naga ritualists
  An orc knight (Orc:2)
  Pikel (D:6)
  12 mana vipers
  An orc sorcerer (Orc:2)
  An oklob plant (Lair:5)
  2 manticores
  A cyclops (D:13)
  10 salamanders
  11 elephants
  Maurice (Orc:1)
  2 centaur zombies
  A guardian serpent (Snake:1)
  Joseph (D:8)
  25 black mambas
  13 naga magi
  6 spiny frogs
  15 komodo dragons
  2 rime drakes
  3 trolls
  7 polar bears
  10 blink frogs
  7 hornets
  5 dream sheep
  6 hippogriffs
  4 slime creatures (D:12)
  A redback (shapeshifter) (D:13)
  Sigmund (D:2)
  2 shadows
  The ghost of Megalobster the Ruffian, an amateur TrMo (D:3)
  30 yaks
  14 spriggans
  4 wyverns
  4 basilisks
  Eustachio (D:5)
  3 vampire mosquitoes (D:12)
  2 wargs (Orc:2)
  A hungry ghost (D:10)
  5 swamp worms (Lair:2)
  29 nagas
  31 water moccasins
  11 porcupines
  33 orc warriors
  3 ice beasts
  A slave (D:6)
  61 wolves
  3 sky beasts
  4 black bears
  9 ogres
  2 phantoms
  4 boggarts (Lair:6)
  16 centaurs
  11 crocodiles
  2 big kobolds (D:11)
  22 bullfrogs
  A wyvern zombie (D:13)
  A gnoll sergeant (D:7)
  A water moccasin skeleton (D:8)
  4 scorpions
  3 killer bees (D:11)
  12 wights
  4 howler monkeys
  A lava snake (Snake:2)
  5 electric eels
  8 crimson imps
  2 bullfrog zombies
  2 jellies
  2 quasits
  3 hounds
  7 orc priests
  2 bullfrog skeletons
  9 orc wizards
  2 centaur skeletons
  Terence (D:1)
  4 iguanas
  7 worker ants
  A hell rat (D:11)
  A killer bee zombie (D:9)
  A hound zombie (D:8)
  A worker ant zombie (D:10)
  26 adders
  3 gnolls (D:7)
  A howler monkey skeleton (D:6)
  4 river rats (D:11)
  3 shadow imps
  12 white imps (Orc:2)
  An ooze (D:4)
  2 adder zombies
  4 worms
  10 leopard geckos
  55 orcs
  4 ball pythons
  29 giant cockroaches
  7 goblins
  6 hobgoblins
  17 jackals
  6 quokkas
  11 bats
  11 frilled lizards
  A giant cockroach zombie (D:5)
  A jackal skeleton (D:4)
  15 kobolds
  A quokka skeleton (D:8)
  10 rats
841 creatures vanquished.

Vanquished Creatures (others)
  An orc warrior (Orc:2)
  A crimson imp (D:6)
  2 jackals (D:6)
  12 fungi
  7 plants
  10 toadstools (Lair:2)
33 creatures vanquished.

Grand Total: 874 creatures vanquished

Notes
Turn   | Place    | Note
-------+----------+-------------------------------------------
     0 | D:1      | Gaball the Merfolk Gladiator began the quest for the Orb.
     0 | D:1      | Reached XP level 1. HP: 16/16 MP: 1/1
   159 | D:1      | Reached skill level 5 in Polearms
   162 | D:1      | Reached XP level 2. HP: 19/22 MP: 2/2
   367 | D:1      | Reached skill level 6 in Polearms
   367 | D:1      | Reached XP level 3. HP: 20/27 MP: 3/3
   666 | D:2      | Noticed Terence
   685 | D:2      | Reached skill level 7 in Polearms
   685 | D:2      | Reached XP level 4. HP: 22/33 MP: 4/4
   780 | D:1      | Killed Terence
   990 | D:2      | Found a white marble altar of Elyvilon.
  1103 | D:2      | Reached skill level 8 in Polearms
  1110 | D:2      | Reached XP level 5. HP: 13/38 MP: 5/5
  1661 | D:2      | Noticed Sigmund
  1674 | D:2      | Killed Sigmund
  1674 | D:2      | Reached skill level 9 in Polearms
  1674 | D:2      | Reached XP level 6. HP: 33/44 MP: 6/6
  1911 | D:3      | Noticed a phantom
  1941 | D:3      | Killed a phantom
  1941 | D:3      | Reached skill level 10 in Polearms
  2261 | D:3      | Reached XP level 7. HP: 50/50 MP: 7/7
  2343 | D:3      | Noticed Megalobster's ghost (amateur TrMo)
  2367 | D:3      | Killed Megalobster's ghost
  2367 | D:3      | Reached skill level 11 in Polearms
  2676 | D:4      | Found Wyhat's Antique Armour Boutique.
  2699 | D:4      | Reached skill level 12 in Polearms
  2727 | D:4      | Learned a level 3 spell: Dazzling Spray
  2952 | D:4      | You fall through a shaft for 2 floors!
  2990 | D:6      | Reached XP level 8. HP: 41/56 MP: 8/8
  3042 | D:5      | Entered Level 5 of the Dungeon
  3076 | D:5      | Reached skill level 13 in Polearms
  3093 | D:5      | Noticed Eustachio
  3122 | D:5      | Killed Eustachio
  3139 | D:5      | Found Eclot Roeru's Book Emporium.
  3171 | D:5      | Found Rafasobb's Gadget Shop.
  3325 | D:5      | Found a glowing drain.
  3333 | Sewer    | Entered a sewer
  3395 | Sewer    | Reached skill level 14 in Polearms
  3585 | D:5      | Found Zat Fant's Antique Armour Shoppe.
  4008 | D:6      | Reached skill level 5 in Dodging
  4252 | D:6      | Reached XP level 9. HP: 57/66 MP: 9/9
  4316 | D:6      | Noticed Pikel
  4371 | D:6      | Killed Pikel
  4684 | D:7      | Found a staircase to the Ecumenical Temple.
  4777 | Temple   | Entered the Ecumenical Temple
  4789 | Temple   | Became a worshipper of the Shining One
  5035 | D:7      | Found a snail-covered altar of Cheibriados.
  5317 | D:7      | Found a radiant altar of Vehumet.
  5318 | D:7      | Found an ancient bone altar of Kikubaaqudgha.
  5387 | D:8      | Noticed a two-headed ogre
  5392 | D:8      | Killed a two-headed ogre
  5392 | D:8      | Reached XP level 10. HP: 82/82 MP: 10/10
  5449 | D:8      | Found a stormy altar of Qazlal.
  5608 | D:8      | Noticed Joseph
  5634 | D:8      | Killed Joseph
  6003 | D:8      | Reached * piety under the Shining One
  6047 | D:8      | Noticed a two-headed ogre
  6612 | D:8      | Killed a two-headed ogre
  6612 | D:8      | Reached skill level 10 in Fighting
  6646 | D:9      | Noticed Gastronok
  6797 | D:9      | Reached skill level 10 in Dodging
  7416 | D:9      | Found Ecaosueg's Distillery.
  7429 | D:9      | Bought a potion of curing for 42 gold pieces
  7429 | D:9      | Bought a potion of lignification for 42 gold pieces
  7429 | D:9      | Bought a potion of might for 56 gold pieces
  7429 | D:9      | Bought a potion of might for 56 gold pieces
  7429 | D:9      | Bought a potion of degeneration for 14 gold pieces
  7532 | D:9      | Killed Gastronok
  7532 | D:9      | Reached XP level 11. HP: 89/95 MP: 11/11
  7685 | D:9      | Reached ** piety under the Shining One
  7845 | D:10     | Entered Level 10 of the Dungeon
  7986 | D:10     | Noticed a two-headed ogre
  8524 | D:10     | Killed a two-headed ogre
  8751 | D:10     | Reached *** piety under the Shining One
  8993 | D:11     | Found Ceifeosai's Gadget Shop.
  9253 | D:11     | Noticed a death yak
  9430 | D:11     | Found a staircase to the Lair.
  9486 | Lair:1   | Entered Level 1 of the Lair of Beasts
 10071 | Lair:1   | Got a slimy ring mail
 10082 | Lair:1   | Identified the cursed +0 ring mail "Zufoas" {rF+ Regen+} (You found it on level 1 of the Lair of Beasts)
 10179 | Lair:1   | Reached XP level 12. HP: 106/106 MP: 12/12
 10349 | Lair:1   | Got an ichor-stained quarterstaff
 10350 | Lair:1   | Identified the +1 quarterstaff "Newtslayer" {freeze, Dex+4} (You found it on level 1 of the Lair of Beasts)
 10885 | Lair:2   | Found a staircase to the Snake Pit.
 11237 | Lair:2   | Reached skill level 15 in Fighting
 11239 | Lair:2   | Noticed Fannar
 11277 | Lair:2   | Reached **** piety under the Shining One
 11311 | Lair:2   | Killed Fannar
 11865 | Lair:2   | Found a staircase to the Swamp.
 12067 | Lair:2   | Found a runed door.
 12231 | Lair:2   | Noticed a catoblepas
 12231 | Lair:2   | Noticed a dire elephant
 12474 | Lair:3   | Reached XP level 13. HP: 114/117 MP: 13/13
 13763 | D:12     | Reached skill level 15 in Dodging
 14143 | D:12     | Found a staircase to the Orcish Mines.
 14194 | D:12     | Learned a level 1 spell: Infusion
 14530 | Orc:1    | Entered Level 1 of the Orcish Mines
 14604 | Orc:1    | Found Aboaca's Magic Scroll Shoppe.
 14612 | Orc:1    | Bought a scroll of blinking for 97 gold pieces
 14612 | Orc:1    | Bought a scroll of blinking for 97 gold pieces
 14612 | Orc:1    | Bought a scroll of fear for 45 gold pieces
 14678 | Orc:1    | Reached skill level 1 in Armour
 14678 | Orc:1    | Reached skill level 1 in Charms
 14709 | Orc:2    | Entered Level 2 of the Orcish Mines
 14713 | Orc:2    | Reached skill level 1 in Spellcasting
 14762 | Orc:2    | Reached ***** piety under the Shining One
 14996 | Orc:2    | Noticed Maurice
 15167 | Orc:1    | Killed Maurice
 15388 | Orc:2    | Found a staircase to the Elven Halls.
 15520 | Orc:2    | Found Viciesch's Antique Weapon Shoppe.
 15532 | Orc:2    | Found Teicomniaw's Jewellery Shop.
 15532 | Orc:2    | Found Fiqugila's Antique Armour Emporium.
 15542 | Orc:2    | Found Ifriyross's Assorted Antiques.
 15547 | Orc:2    | Bought an ichor-stained helmet for 247 gold pieces
 15557 | Orc:2    | Identified the +0 helmet "Cuhiroeph" {Regen+} (You bought it in a shop on level 2 of the Orcish Mines)
 15561 | Orc:2    | Bought a pitted cloak for 247 gold pieces
 15577 | Orc:2    | Identified the cursed +0 cloak "Lial" {Dex+5} (You bought it in a shop on level 2 of the Orcish Mines)
 15581 | Orc:2    | Bought a bloodstained glaive for 299 gold pieces
 15581 | Orc:2    | Identified the cursed +1 glaive of Extinguishment {chop, rN+ Int+4 SInv} (You bought it in a shop on level 2 of the Orcish Mines)
 15647 | Orc:2    | Found a roughly hewn altar of Beogh.
 15781 | Orc:2    | Noticed Rupert
 15783 | Orc:2    | Paralysed by Rupert for 2 turns
 15805 | Orc:2    | Killed Rupert
 15805 | Orc:2    | Reached XP level 14. HP: 60/128 MP: 16/18
 15969 | Orc:2    | Noticed Erolcha
 15973 | Orc:2    | Killed Erolcha
 16117 | Orc:2    | Bought a twisted chain mail for 247 gold pieces
 16128 | Orc:2    | Identified the +6 chain mail of Elitism {Dex+3 SInv} (You bought it in a shop on level 2 of the Orcish Mines)
 16472 | D:13     | Reached skill level 15 in Polearms
 16840 | D:14     | Found a gate to the Vaults.
 16840 | D:14     | Noticed Urug
 17251 | Lair:4   | Reached skill level 16 in Polearms
 17772 | Lair:5   | Found a staircase to the Slime Pits.
 17774 | Lair:5   | Found a viscous altar of Jiyva.
 17846 | Lair:5   | Reached skill level 5 in Spellcasting
 18372 | Lair:6   | Entered Level 6 of the Lair of Beasts
 18400 | Lair:6   | Reached skill level 17 in Polearms
 18521 | Lair:6   | Reached ****** piety under the Shining One
 18630 | Lair:6   | Reached XP level 15. HP: 134/134 MP: 24/24
 18665 | Lair:6   | Reached skill level 18 in Polearms
 19105 | Lair:6   | Reached skill level 19 in Polearms
 19659 | Snake:1  | Entered Level 1 of the Snake Pit
 20147 | Snake:1  | Reached skill level 20 in Polearms
 21150 | Snake:2  | Reached XP level 16. HP: 140/143 MP: 26/26
 22013 | Snake:2  | Noticed a nagaraja
 22067 | Snake:2  | Killed a nagaraja
 22340 | Snake:2  | Reached skill level 5 in Armour
 22975 | Snake:3  | Reached skill level 1 in Invocations
 23343 | Snake:3  | Noticed a nagaraja
 23356 | Snake:3  | Killed a nagaraja
 23567 | Snake:4  | Entered Level 4 of the Snake Pit
 23882 | Snake:4  | HP: 5/144 [salamander/trident (10)]
 23882 | Snake:4  | Mangled by a salamander

Vault maps used:
D:1:      minmay_arrival_three_doors, minmay_tetromino_s2
D:2:      elyvilon_altar_5, uniq_sigmund, uniq_terence
D:3:      minmay_roachtagon
D:4:      serial_shops, nicolae_shop_trees, hangedman_decor_growths,
          hangedman_decor_diamond_cutter, minivault_14
D:5:      serial_shops, shop, nicolae_shop_statue_plus, shop_statue,
          first_ration, gup_sewer_entry_pipe, uniq_eustachio
D:6:      serial_glass, glass_columns_b, glass_columns_c, uniq_pikel
D:7:      minitemple, old_standard_altar, temple_fountains
D:8:      marbit_many_paths, the_bakery, uniq_joseph
D:9:      serial_shops, nicolae_shop_behind_doors, dk_noncrumbling_4,
          uniq_gastronok
D:11:     dpeg_lair_monsters, serial_shops, shop
D:12:     orc_0_dummy
D:14:     david_vaults_3, lemuel_blue_sif_altar, uniq_kirke
Temple:   hc_temple_tempest_star
Lair:2:   gammafunk_lair_enchanted_lake, nicolae_swamp_entry_splash_gauntlet,
          guppyfry_snake_entry_island, uniq_fannar
Lair:3:   lemuel_reptile_caves, grunt_megastairs_5, infiniplex_staircase_pool_2,
          serial_bayou_shore_a
Lair:5:   slime_altar_1, grunt_megastairs_2
Lair:6:   minmay_lair_end_enchanted_forest, small_statue_intersection,
          grunt_forest_large_clearings
Snake:2:  st_stairs_4, nicolae_snake_shapes, serial_bayou_shore_b
Snake:3:  serial_bayou_crossing
Snake:4:  johnstein_snake_rune_scales
Orc:1:    serial_shops, nicolae_shop_trees, shop, nicolae_shop_trees
Orc:2:    st_orc_rangers, portal_ice_cave_entry_imps, mines2_david, uniq_rupert,
          uniq_erolcha, uniq_maurice
Sewer:    sewer_frog_island_01

Skill      XL: |  1  2  3  4  5  6  7  8  9 10 11 12 13 14 15 16 |
---------------+-------------------------------------------------+-----
Polearms       | 5 6 7 8 9 10 12 14 17 20 | 20.0
Fighting       | 4 8 12 13 16 17 18 | 18.3
Dodging        | 5 8 11 12 14 15 16 17 | 17.5
Armour         | 2 3 5 |  5.7
Charms         | 3 4 |  4.9
Spellcasting   | 3 6 |  6.8
Invocations    | 3 |  3.3
Throwing       | |  2.0

Action                   |  1- 3 |  4- 6 |  7- 9 | 10-12 | 13-15 | 16-18 || total
-------------------------+-------+-------+-------+-------+-------+-------++-------
Melee: Trident           |   142 |   233 |   487 |   760 |   404 |       ||  2026
       Tailslap          |       |       |     7 |     7 |       |       ||    14
       Glaive            |       |       |       |       |   697 |   233 ||   930
       Unarmed           |       |       |       |       |     4 |       ||     4
Throw: Throwing net      |       |       |       |     3 |       |       ||     3
 Cast: Infusion          |       |       |       |       |     3 |     2 ||     5
Invok: Divine Shield     |       |       |       |       |       |     4 ||     4
Evoke: Wand              |       |       |    11 |    17 |     7 |       ||    35
  Use: Scroll            |       |     3 |     2 |     6 |     8 |     7 ||    26
       Potion            |       |       |       |       |     4 |     7 ||    11
  Eat: Chunk             |       |     4 |    11 |    17 |    19 |       ||    51
       Ration            |       |       |       |     2 |     3 |     3 ||     8
Armor: Leather armour    |     3 |       |       |       |       |       ||     3
       Plate armour      |    82 |   114 |   152 |     9 |       |       ||   357
       Ring mail         |       |       |     8 |    92 |    24 |       ||   124
       Chain mail        |       |       |       |       |   124 |    43 ||   167
       Skin              |       |       |       |       |       |    71 ||    71
Dodge: Dodged            |    58 |    45 |   101 |   360 |   737 |    81 ||  1382
       Deflected         |       |       |     2 |    16 |    41 |    19 ||    78
Block: Other             |       |       |    14 |     9 |       |     9 ||    32
       Reflection        |       |       |     1 |     2 |       |       ||     3

Table legend:
 A = Spawn XP
 B = Non-spawn XP
 C = Spawn XP percentage of total XP
 D = Spawn monster count
 E = Non-spawn monster count
 F = Spawn count percentage of total count
 G = Total turns spent on level
                    A         B        C        D         E        F      G
               +---------+---------+-------+---------+---------+-------+---------
         Total |       0 |  166542 |   0.0 |       0 |     840 |   0.0 | 23882
               +---------+---------+-------+---------+---------+-------+---------
           D:1 |       0 |      83 |   0.0 |       0 |      29 |   0.0 |   875
           D:2 |       0 |     326 |   0.0 |       0 |      30 |   0.0 |  1033
           D:3 |       0 |     428 |   0.0 |       0 |      28 |   0.0 |   744
           D:4 |       0 |     269 |   0.0 |       0 |      16 |   0.0 |   300
           D:5 |       0 |     455 |   0.0 |       0 |      10 |   0.0 |   349
           D:6 |       0 |    1312 |   0.0 |       0 |      21 |   0.0 |  1107
           D:7 |       0 |     600 |   0.0 |       0 |      21 |   0.0 |   962
           D:8 |       0 |    4926 |   0.0 |       0 |      32 |   0.0 |  1598
           D:9 |       0 |    3025 |   0.0 |       0 |      12 |   0.0 |   615
          D:10 |       0 |    2452 |   0.0 |       0 |      28 |   0.0 |   949
          D:11 |       0 |    4183 |   0.0 |       0 |      37 |   0.0 |   933
          D:12 |       0 |    6458 |   0.0 |       0 |      36 |   0.0 |   814
          D:13 |       0 |    5109 |   0.0 |       0 |      34 |   0.0 |   697
        Lair:1 |       0 |    5857 |   0.0 |       0 |      28 |   0.0 |  1463
        Lair:2 |       0 |    8479 |   0.0 |       0 |      36 |   0.0 |  1561
        Lair:3 |       0 |    8018 |   0.0 |       0 |      48 |   0.0 |  1127
        Lair:4 |       0 |    8351 |   0.0 |       0 |      24 |   0.0 |   801
        Lair:5 |       0 |    6451 |   0.0 |       0 |      26 |   0.0 |   780
        Lair:6 |       0 |   22878 |   0.0 |       0 |     108 |   0.0 |  1169
       Snake:1 |       0 |   21420 |   0.0 |       0 |      41 |   0.0 |  1766
       Snake:2 |       0 |   27967 |   0.0 |       0 |      51 |   0.0 |  1330
       Snake:3 |       0 |    8955 |   0.0 |       0 |      16 |   0.0 |   866
       Snake:4 |       0 |    5898 |   0.0 |       0 |      12 |   0.0 |   156
         Orc:1 |       0 |    2413 |   0.0 |       0 |      17 |   0.0 |   597
         Orc:2 |       0 |    9994 |   0.0 |       0 |      78 |   0.0 |  1026
         Sewer |       0 |     235 |   0.0 |       0 |      21 |   0.0 |   237
               +---------+---------+-------+---------+---------+-------+---------
